 Dungeon Crawl Stone Soup version 0.26-a0-710-g95a0c6c400 (webtiles) character file.

Game seed: 10693559204737946769

351 lunkers the Covert (level 6, -3/35 HPs)
             Began as a Kobold Brigand on Oct 30, 2020.
             Slain by an orc
             ... wielding a +0 flail
              (5 damage)
             ... on level 3 of the Dungeon.
             The game lasted 00:06:17 (3029 turns).

lunkers the Covert (Kobold Brigand)                 Turns: 3029, Time: 00:06:17

Health: -3/35      AC:  4    Str:  9    XL:     6   Next: 93%
Magic:  15/15      EV: 14    Int: 14    God:
Gold:   96         SH:  0    Dex: 16    Spells: 5/5 levels left

rFire    . . .     SeeInvis .   a - +2 dagger
rCold    . . .     Faith    .   (shield restricted)
rNeg     . . .     Spirit   .   b - +0 robe
rPois    .         Reflect  .   (no helmet)
rElec    .         Harm     .   c - +0 cloak
rCorr    .         Rampage  .   i - +0 pair of gloves
MR       .....                  (no boots)
Stlth    +++++.....             (no amulet)
HPRegen  0.11/turn              g - ring of magical power
MPRegen  0.14/turn              (no ring)

@: no status effects
A: small, nightstalker 3
a: no special abilities


You were on level 3 of the Dungeon.
You visited 1 branch of the dungeon, and saw 3 of its levels.

You collected 96 gold pieces.

Inventory:

Hand Weapons
 a - a +2 dagger (weapon)
 l - a +0 vampiric short sword
Armour
 b - a +0 robe (worn)
 c - a +0 cloak (worn)
 i - a +0 pair of gloves (worn)
Jewellery
 g - a ring of magical power (left hand)
Scrolls
 k - 2 scrolls of magic mapping {unknown}
 m - a scroll of immolation {unknown}
 n - a scroll of blinking {unknown}
 o - 2 scrolls of teleportation
 p - a scroll of remove curse {unknown}
Potions
 d - a potion of heal wounds {unknown}
 f - a potion of haste {unknown}
 j - a potion of might {unknown}
 r - a potion of stabbing {unknown}


   Skills:
 - Level 2.1 Fighting
 + Level 6.6 Short Blades
 - Level 2.1 Throwing
 - Level 1.2 Dodging
 + Level 8.5 Stealth


You had 5 spell levels left.
You didn't know any spells.
Your spell library was empty.

Dungeon Overview and Level Annotations

Branches:
Dungeon (3/15)

Altars:


Innate Abilities, Weirdness & Mutations

You are small and have problems with some larger weapons.
You are completely attuned to the shadows.


Message History

The frilled lizard hisses angrily.
You see here an atropa-tipped dart {=f}.
You see here a leopard gecko skeleton.
You hit the frilled lizard.
You kill the frilled lizard!
Fire/throw which item? (* to show all) (? for menu, Esc to quit)
Okay, then.
You hit the orc.
The orc is moderately wounded.
The orc hits you with a +0 flail!
* * * LOW HITPOINT WARNING * * *
You hit the orc but do no damage.
The orc is moderately wounded.
The orc barely misses you.
You hit the orc but do no damage.
The orc is moderately wounded.
You hit the orc.
The orc is heavily wounded.
The orc hits you with a +0 flail.
You die...

#..<# ##..# ###.#
##.### #†#
#...### #.#
###...# #.#####
###.# #.....##
#.##### #####..#
#.....##
##.########..#
#...o@..###.#####
######..........#
#..........#
#..........#
#..........#
#..........#
#..........#
############


You could see an orc.

Vanquished Creatures
  A centaur (D:2)
  A scorpion (D:3)
  A howler monkey (D:3)
  An orc priest (D:3)
  An orc wizard (D:3)
  Terence (D:3)
  3 adders
  An ooze (D:2)
  2 worms (D:2)
  3 dart slugs (D:1)
  3 leopard geckos
  A ball python (D:1)
  9 bats
  A giant cockroach (D:3)
  5 hobgoblins
  4 jackals (D:1)
  5 frilled lizards
  7 goblins
  10 kobolds
  5 rats
65 creatures vanquished.

Vanquished Creatures (others)
  8 plants (D:1)
8 creatures vanquished.

Grand Total: 73 creatures vanquished

Notes
Turn   | Place    | Note
-------+----------+-------------------------------------------
     0 | D:1      | lunkers the Kobold Brigand began the quest for the Orb.
     0 | D:1      | Reached XP level 1. HP: 12/12 MP: 1/1
   262 | D:1      | Reached XP level 2. HP: 17/17 MP: 2/2
   525 | D:1      | Reached XP level 3. HP: 21/21 MP: 3/3
   560 | D:1      | Reached skill level 6 in Stealth
  1401 | D:2      | Reached XP level 4. HP: 25/26 MP: 4/4
  1621 | D:2      | Noticed a centaur
  1632 | D:2      | Killed a centaur
  1632 | D:2      | Reached skill level 5 in Short Blades
  1632 | D:2      | Reached skill level 7 in Stealth
  1632 | D:2      | Reached XP level 5. HP: 11/30 MP: 5/5
  2580 | D:3      | Reached XP level 6. HP: 21/35 MP: 6/6
  2620 | D:3      | Reached skill level 8 in Stealth
  2662 | D:3      | Noticed Terence
  2675 | D:3      | Killed Terence
  3029 | D:3      | Slain by an orc

Illustrated notes

Levels and vault maps discovered:
D:1:      minmay_arrival_nine_rooms, layout_rooms,
          ebering_dispersal_statue_hall, kennysheep_boxes
D:2:      layout_rooms, minmay_hedge_maze
D:3:      layout_rooms, uniq_purgy, uniq_terence, uniq_grinder

Skill      XL: |  1  2  3  4  5  6 |
---------------+-------------------+-----
Short Blades   | 3 4 5 6 |  6.6
Stealth        | 6 7 8 |  8.5
Fighting       | |  2.1
Throwing       | |  2.1
Dodging        | |  1.2

Action                   |  1- 3 |  4- 6 || total
-------------------------+-------+-------++-------
Melee: Dagger            |   101 |   155 ||   256
Throw: Dart              |    55 |    41 ||    96
  Use: Scroll            |       |     1 ||     1
 Stab: Sleeping          |       |     4 ||     4
       Invisible         |       |     1 ||     1
Armor: Robe              |    19 |    19 ||    38
Dodge: Dodged            |    53 |   101 ||   154

Table legend: (Time is in decaauts)
 A = Elapsed time spent in this place.
 B = Non-inter-level travel time spent in this place.
 C = Inter-level travel time spent in this place.
 D = Time resting spent in this place.
 E = Time spent auto-exploring this place.
 F = Levels seen in this place.
 G = Mean time per level.
                   A        B        C        D        E       F      G
               +--------+--------+--------+--------+--------+-----+--------+
         Total |   2958 |   2850 |    108 |    288 |   1985 |   3 |  986.0 |
       Dungeon |   2958 |   2850 |    108 |    288 |   1985 |   3 |  986.0 |
               +--------+--------+--------+--------+--------+-----+--------+

Top non-repeatable levels by time:
     D:1: 1245 daAuts
     D:2: 943 daAuts
     D:3: 769 daAuts
